 Dungeon Crawl Stone Soup version 0.29-a0-214-g17f627cfee (webtiles) character file.

Game seed: 17458897313264547374

896 sammy202020 the Skirmisher (level 7, -1/81 (84) HPs)
             Began as a Demonspawn Berserker on Feb 25, 2022.
             Was a Believer of Trog.
             Succumbed to a gnoll sergeant's poison
             ... on level 5 of the Dungeon.
             The game lasted 00:10:41 (4427 turns).

sammy202020 the Skirmisher (Demonspawn Berserker)   Turns: 4427, Time: 00:10:42

HP:   -1/81 (84)    AC:  9    Str: 19    XL:     7   Next: 78%
MP:   7/7           EV: 11    Int:  9    God:    Trog [**....]
Gold: 225           SH:  4    Dex: 12    Spells: 6/6 levels left

rFire   . . .      SeeInvis .   n - +0 trident
rCold   . . .      Faith    .   b - +0 buckler
rNeg    . . .      Spirit   .   g - +1 ring mail
rPois   .          Reflect  .   (no helmet)
rElec   .          Harm     .   (no cloak)
rCorr   .          Rampage  .   (no gloves)
Will    ++...                   (no boots)
Stlth   ..........              (no amulet)
HPRegen 1.23/turn               (no ring)
MPRegen 0.10/turn               (no ring)

@: berserking, lethally poisoned (-1 -> -20), strong-willed, regenerating,
lightly drained, very quick
A: hooves 1, icy blue scales 2, demonic guardian 2
a: Renounce Religion, Berserk, Trog's Hand


You were on level 5 of the Dungeon.
You worshipped Trog.
Trog was pleased with you.
You visited 1 branch of the dungeon, and saw 5 of its levels.

You collected 283 gold pieces.
You spent 58 gold pieces at shops.

Inventory:

Hand Weapons
 n - a +0 trident (weapon)
Missiles
 o - 2 silver boomerangs (quivered)
Armour
 b - a +0 buckler (worn)
 g - a +1 ring mail (worn)
Scrolls
 d - 2 scrolls of fog
 f - 4 scrolls of teleportation
 h - a scroll of blinking
Potions
 a - a potion of attraction {unknown}
 c - a potion of resistance {unknown}
 e - 6 potions of curing
 i - 2 potions of might {unknown}
 j - a potion of heal wounds {unknown}
 l - a potion of cancellation {unknown}
 p - a potion of lignification {unknown}


   Skills:
 + Level 5.1 Fighting
 + Level 4.6 Polearms
 + Level 4.0 Armour
 + Level 4.1 Dodging
 + Level 2.6 Shields


You had 6 spell levels left.
You didn't know any spells.
Your spell library was empty.

Dungeon Overview and Level Annotations

Branches:
Dungeon (5/15)             Temple (0/1) D:4

Altars:
Elyvilon
Fedhas
Hepliaklqana
Okawaru
Qazlal
Vehumet
Zin

Shops:
D:4 *


Innate Abilities, Weirdness & Mutations

You have large cloven feet.
You are mostly covered in icy blue scales. (AC +3)
A demonic guardian rushes to your aid.


Message History

You are more poisoned.
You hit the gnoll. Your kick misses the gnoll.
The gnoll is almost dead.
You feel very sick. The gnoll hits you but does no damage.
You feel drained.
The gnoll sergeant hits you from afar with a +1 trident of venom!
You are lethally poisoned!
The gnoll closely misses you.
Your skin crawls.
You feel strong-willed.
You feel very sick.
The gnoll sergeant hits you from afar with a +1 trident of venom.
* * * LOW HITPOINT WARNING * * *
You are lethally poisoned!
You block the gnoll's attack. The gnoll barely misses you.
A red film seems to cover your vision as you go berserk!
You feel yourself moving faster!
You feel mighty!
* * * LOW HITPOINT WARNING * * *
You feel extremely sick. You block the gnoll sergeant's attack.
You block the gnoll's attack. The gnoll hits you but does no damage.
You feel drained.
You barely miss the gnoll. Your kick misses the gnoll.
The gnoll is almost dead.
* * * LOW HITPOINT WARNING * * *
You feel very sick. The gnoll sergeant barely misses you.
The gnoll hits you with a +0 club.
* * * LOW HITPOINT WARNING * * *
A demonic guardian appears!
You puncture the gnoll!
You kill the gnoll!
Trog accepts your kill.
* * * LOW HITPOINT WARNING * * *
You feel very sick.
The gnoll sergeant hits you from afar with a +1 trident of venom.
* * * LOW HITPOINT WARNING * * *
You are more poisoned.
The gnoll barely misses you.
You puncture the gnoll!
The gnoll is severely wounded.
You die...

#.#≈..≈≈≈..≈#.##
#####.#≈.≈...≈.≈#..#
......#≈.≈._.≈.≈#..#
...####≈.≈...≈.≈#..#
...# #≈..≈≈≈..≈#..#
...##.#.≈≈≈≈≈≈≈.#..#
......# ...$...#..#
...##..# #####)..#
...# ## #..gg@..#
...# #....#.4####
...# ... #..##
...... # #.# #####..
#. ## .# .. .# # ..
.# ### ...


You could see a gnoll sergeant (ally target), a gnoll and a friendly orange
demon (summoned).

Vanquished Creatures
  The ghost of Zeldest the Skirmisher, a novice HOFi of Okawaru (D:4)
  A bullfrog (D:4)
  A scorpion (D:5)
  Dowan (D:4)
  A hound (D:4)
  An orc priest (D:3)
  An iguana (D:2)
  A hound zombie (D:5)
  7 adders
  2 gnolls (D:5)
  A howler monkey skeleton (D:5)
  2 adder skeletons
  2 worms (D:2)
  6 dart slugs
  17 orcs
  9 endoplasms
  2 giant cockroaches (D:1)
  5 goblins
  8 hobgoblins
  4 jackals
  4 kobolds
  2 quokkas (D:1)
  3 ball pythons
  3 frilled lizards
  8 rats
93 creatures vanquished.

Vanquished Creatures (collateral kills)
  Duvessa (D:4)
  A ball python (D:4)
2 creatures vanquished.

Grand Total: 95 creatures vanquished

Notes
Turn   | Place    | Note
-------+----------+-------------------------------------------
     0 | D:1      | sammy202020 the Demonspawn Berserker began the quest for
                  | the Orb.
     0 | D:1      | Reached XP level 1. HP: 18/18 MP: 1/1
   108 | D:1      | Gained mutation: You are partially covered in icy blue
                  | scales. (AC +2) [demonic ancestry]
   108 | D:1      | Reached XP level 2. HP: 24/24 MP: 2/2
   573 | D:1      | Gained mutation: You have large cloven feet. [demonic
                  | ancestry]
   573 | D:1      | Reached XP level 3. HP: 22/29 MP: 3/3
   767 | D:1      | Reached ** piety under Trog
  1060 | D:2      | Found a faded altar of an unknown god.
  1237 | D:2      | Gained mutation: A weak demonic guardian rushes to your
                  | aid. [demonic ancestry]
  1237 | D:2      | Reached XP level 4. HP: 18/36 MP: 4/4
  2399 | D:3      | Found a radiant altar of Vehumet.
  2399 | D:3      | Found a stormy altar of Qazlal.
  2408 | D:3      | Gained mutation: A demonic guardian rushes to your aid.
                  | [demonic ancestry]
  2408 | D:3      | Reached XP level 5. HP: 42/42 MP: 5/5
  2412 | D:3      | Found a faded altar of an unknown god.
  2414 | D:3      | Found a blossoming altar of Fedhas.
  2501 | D:4      | Found a staircase to the Ecumenical Temple.
  2532 | D:4      | Found an iron altar of Okawaru.
  2554 | D:4      | Found Bemmioll's Bounteous Boutique.
  2565 | D:4      | Bought a +0 buckler for 58 gold pieces
  2661 | D:4      | Reached skill level 4 in Fighting
  2756 | D:4      | Noticed Dowan
  2757 | D:4      | Noticed Duvessa
  2768 | D:4      | HP: 1/63 [Duvessa/+0 short sword (15)]
  2769 | D:4      | Killed Duvessa
  2770 | D:4      | Reached skill level 1 in Shields
  2770 | D:4      | Gained mutation: You are mostly covered in icy blue scales.
                  | (AC +3) [demonic ancestry]
  2770 | D:4      | Reached XP level 6. HP: 2/48 MP: 6/6
  2772 | D:4      | Killed Dowan
  3529 | D:4      | Found a runed translucent door.
  3534 | D:4      | Noticed Zeldest's ghost (novice HOFi)
  4042 | D:4      | Killed Zeldest's ghost
  4043 | D:4      | Reached XP level 7. HP: 13/55 MP: 7/7
  4256 | D:5      | Entered Level 5 of the Dungeon
  4267 | D:5      | Reached skill level 5 in Fighting
  4388 | D:5      | Found a hazy altar of Hepliaklqana.
  4426 | D:5      | HP: 3/79 [gnoll sergeant/+1 trident of venom (2)]
  4427 | D:5      | Succumbed to a gnoll sergeant's poison

Illustrated notes

Levels and vault maps discovered:
D:1:      dpeg_arrival_simpleton_c, layout_rooms, serial_forest,
          infiniplex_forest_straight_4, infiniplex_forest_zigzag_2,
          infiniplex_forest_end_1, infiniplex_forest_straight_2,
          infiniplex_forest_clump_medium, infiniplex_forest_lined_4_way,
          roderic_roman_lattice, minmay_hexomino_c4
D:2:      layout_rooms, dilly_ecumenical_altar_fadedgnrine
D:3:      layout_basic, chequers_temple_overflow_minitemple
D:4:      layout_layer_cave, okawaru_ov_weapons_minmay,
          minmay_temple_entry_gardened_gates, serial_glass, glass_columns_a,
          glass_columns_c, ebering_ghost_sewer_d, nicolae_alphabet_shops,
          chequers_garden, uniq_duvessa
D:5:      layout_rooms, mainiacjoe_overflow_small_starburst,
          mainiacjoe_overflow_paths, mainiacjoe_overflow_brackets,
          hangedman_abyss_or_decor_stabs

Skill      XL: |  1  2  3  4  5  6  7 |
---------------+----------------------+-----
Armour         | 2 3 4 |  4.0
Dodging        | 2 3 4 |  4.1
Polearms       | 3 4 |  4.6
Fighting       | 4 5 |  5.1
Shields        | 1 2 |  2.6

Action                   |  1- 3 |  4- 6 |  7- 9 || total
-------------------------+-------+-------+-------++-------
Melee: Spear             |   113 |    24 |       ||   137
       Punch             |     1 |       |       ||     1
       Kick              |     8 |    33 |    11 ||    52
       Trident           |       |   130 |    42 ||   172
Invok: Berserk           |     1 |     3 |     1 ||     5
       Trog's Hand       |       |     2 |     1 ||     3
  Use: Scroll            |       |     7 |     1 ||     8
 Stab: Sleeping          |     1 |       |       ||     1
Armor: Animal skin       |     8 |       |       ||     8
       Ring mail         |    12 |    51 |    12 ||    75
Dodge: Dodged            |    44 |    42 |    11 ||    97
Block: Buckler           |       |    14 |     7 ||    21

Table legend: (Time is in decaauts)
 A = Elapsed time spent in this place.
 B = Non-inter-level travel time spent in this place.
 C = Inter-level travel time spent in this place.
 D = Time resting spent in this place.
 E = Time spent auto-exploring this place.
 F = Levels seen in this place.
 G = Mean time per level.
                   A        B        C        D        E       F      G
               +--------+--------+--------+--------+--------+-----+--------+
         Total |   4475 |   4400 |     75 |    340 |   3295 |   5 |  895.0 |
       Dungeon |   4475 |   4400 |     75 |    340 |   3295 |   5 |  895.0 |
               +--------+--------+--------+--------+--------+-----+--------+

Top non-repeatable levels by time:
     D:4: 1811 daAuts
     D:3: 898 daAuts
     D:1: 857 daAuts
     D:2: 733 daAuts
     D:5: 175 daAuts
